 Dungeon Crawl Stone Soup version 0.24.0-125-gc4c63601f3 (webtiles) character file.

Game seed: 704979682066528769, levelgen mode: deterministic

985 Frank2 the Cudgeler (level 7, -6/52 HPs)
             Began as a Demonspawn Gladiator on Mar 21, 2020.
             Mangled by an ogre
             ... wielding a +0 giant club
              (10 damage)
             ... on level 5 of the Dungeon.
             The game lasted 00:05:35 (4949 turns).

Frank2 the Cudgeler (Demonspawn Gladiator)          Turns: 4949, Time: 00:05:36

Health: -6/52      AC:  9    Str: 15    XL:     7   Next: 97%
Magic:  0/7        EV: 11    Int:  9    God:
Gold:   275        SH:  0    Dex: 16    Spells: 6/6 levels left

rFire    . . .     SeeInvis +   p - +7 mace "Buruapp" {crush, +Blink rPois rC- Stlth+}
rCold    x . .     Gourm    .   (no shield)
rNeg     . . .     Faith    .   s - +0 scale mail
rPois    +         Spirit   +   (helmet restricted)
rElec    .         Reflect  .   b - +0 cloak
rCorr    .         Harm     .   (no gloves)
MR       .....                  r - +0 pair of boots
Stlth    +++.......             g - amulet of the acrobat
HPRegen  0.17/turn              n - ring of see invisible
MPRegen  0.20/turn              q - ring of stealth

@: no status effects
A: antennae 1, claws 1, magic shield, magic regeneration
a: Evoke Blink


You were on level 5 of the Dungeon.
You were near starving.

You visited 1 branch of the dungeon, and saw 5 of its levels.

You collected 275 gold pieces.

Inventory:

Hand Weapons
 a - a +0 flail
 p - the +7 mace "Buruapp" (weapon) {crush, +Blink rPois rC- Stlth+}
   (You found it on level 4 of the Dungeon)

   It inflicts extra damage upon your enemies.
   It makes you vulnerable to cold.
   It protects you from poison.
   It lets you blink.
   It makes you more stealthy.
Missiles
 d - 2 throwing nets (quivered)
Armour
 b - a +0 cloak (worn)
 r - a +0 pair of boots (worn)
 s - a +0 scale mail (worn)
Jewellery
 g - an amulet of the acrobat (around neck)
 n - a ring of see invisible (left claw)
 q - a ring of stealth (right claw)
 B - an uncursed ring of stealth
Wands
 k - a wand of iceblast (7)
 A - a wand of flame (18)
Scrolls
 c - 2 scrolls of fear
 i - 2 scrolls of magic mapping
 t - a scroll of blinking {unknown}
 v - a scroll of enchant armour
 w - 2 scrolls of identify
 y - 2 scrolls of amnesia {unknown}
 z - a scroll of teleportation
Potions
 e - a potion of flight
 h - a potion of agility
 j - 2 potions of heal wounds
 l - a potion of haste
 m - 3 potions of curing {unknown}
 o - a potion of degeneration {unknown}
 u - a potion of lignification {unknown}
 x - a potion of ambrosia {unknown}
Comestibles
 f - 16 rations


   Skills:
 + Level 3.6 Fighting
 + Level 6.1 Maces & Flails
 + Level 2.0 Throwing
 + Level 4.0 Armour
 + Level 4.1 Dodging
 + Level 1.5 Stealth


You had 6 spell levels left.
You didn't know any spells.
Your spell library was empty.

Dungeon Overview and Level Annotations

Branches:
Dungeon (5/15)
 Temple: D:4-7

Altars:
Ashenzari
Fedhas
Gozag
Hepliaklqana
Qazlal
Yredelemnul
Zin


Innate Abilities, Weirdness & Mutations

You have a pair of small antennae on your head.
You have sharp fingernails.
When hurt, damage is shared between your health and your magic reserves.
You regenerate magic rapidly.


Message History

You are too injured to fight recklessly!
You are too injured to fight recklessly!
You are too injured to fight recklessly!
You are too injured to fight recklessly!
You are too injured to fight recklessly!
You are too injured to fight recklessly!
You are too injured to fight recklessly!
You are too injured to fight recklessly!
You are too injured to fight recklessly!
You are too injured to fight recklessly!
You are too injured to fight recklessly!
You barely miss the ogre.
The ogre is heavily wounded.
The ogre hits you with a +0 giant club!!
* * * LOW HITPOINT WARNING * * *
The crimson imp barely misses you.
You hit the ogre.
The ogre is severely wounded.
The crimson imp blinks!
The ogre hits you with a +0 giant club!
You die...

#....#.......#......#..#..
#....#.......#......#..#..
#....#.......#......#..#..
#....#.......#......#..#..
#....#.......#......#..#..
#....#..5....#......#'##..
#....#.......#............
#....#...ยง...#............
#....#...@...#............
#....#..O....#............
#....#.......#..........##
#....#....!..#.........<#
#....#.......#..........#
#....#.......#......#####
#....#.......#......+
#....#.......#......#
###### #......#


You could see an ogre and a crimson imp.

Vanquished Creatures
  2 sky beasts (D:5)
  An ogre (D:4)
  2 jellies (D:5)
  A crimson imp (D:5)
  A centaur zombie (D:5)
  A hound (D:4)
  3 orc wizards
  Crazy Yiuf (D:4)
  A centaur skeleton (D:5)
  2 iguanas (D:4)
  Natasha (thrice) (D:2)
  2 worker ants (D:5)
  A hound skeleton (D:4)
  6 adders
  4 gnolls (D:3)
  A shadow imp (D:5)
  An ooze (D:3)
  An adder skeleton (D:5)
  2 worms (D:2)
  4 dart slugs
  5 leopard geckos
  15 orcs
  7 bats
  2 giant cockroaches
  6 goblins
  11 hobgoblins
  3 jackals
  3 quokkas
  3 ball pythons
  3 frilled lizards
  7 kobolds
  7 rats
  A spectral orc (D:4)
113 creatures vanquished.

Notes
Turn   | Place    | Note
-------+----------+-------------------------------------------
     0 | D:1      | Frank2 the Demonspawn Gladiator began the quest for the
                  | Orb.
     0 | D:1      | Reached XP level 1. HP: 16/16 MP: 1/1
   109 | D:1      | Gained mutation: You have sharp fingernails. [demonic
                  | ancestry]
   109 | D:1      | Reached XP level 2. HP: 13/22 MP: 2/2
   285 | D:1      | Reached skill level 3 in Maces & Flails
   606 | D:2      | Reached XP level 3. HP: 25/27 MP: 3/3
   704 | D:2      | Noticed Natasha
   710 | D:2      | Killed Natasha
   757 | D:2      | Reached XP level 4. HP: 9/34 MP: 4/4
  1321 | D:2      | Noticed Natasha
  1333 | D:2      | Killed Natasha
  1333 | D:2      | Reached skill level 1 in Armour
  1343 | D:2      | Noticed Natasha
  1351 | D:2      | Killed Natasha
  1472 | D:2      | Gained mutation: When hurt, damage is shared between your
                  | health and your magic reserves. [demonic ancestry]
  1472 | D:2      | Reached XP level 5. HP: 31/39 MP: 5/5
  1488 | D:2      | Found a blossoming altar of Fedhas.
  1499 | D:2      | Found a stormy altar of Qazlal.
  2045 | D:3      | Reached skill level 4 in Maces & Flails
  2746 | D:3      | Gained mutation: You have a pair of small antennae on your
                  | head. [demonic ancestry]
  2746 | D:3      | Reached XP level 6. HP: 12/46 MP: 3/6
  3776 | D:4      | Found a basalt altar of Yredelemnul.
  3858 | D:4      | Found a runed translucent door.
  3861 | D:4      | Noticed Crazy Yiuf
  3874 | D:4      | Got a crude mace
  3875 | D:4      | Identified the +7 mace "Buruapp" {crush, +Blink rPois rC-
                  | Stlth+} (You found it on level 4 of the Dungeon)
  4018 | D:4      | Killed Crazy Yiuf
  4018 | D:4      | Reached skill level 5 in Maces & Flails
  4018 | D:4      | Gained mutation: You regenerate magic rapidly. [demonic
                  | ancestry]
  4018 | D:4      | Reached XP level 7. HP: 47/52 MP: 7/7
  4371 | D:5      | Entered Level 5 of the Dungeon
  4374 | D:5      | Found an opulent altar of Gozag.
  4650 | D:5      | Found a glowing silver altar of Zin.
  4651 | D:5      | Found a shattered altar of Ashenzari.
  4651 | D:5      | Found a hazy altar of Hepliaklqana.
  4810 | D:5      | Reached skill level 1 in Stealth
  4829 | D:5      | Reached skill level 6 in Maces & Flails
  4949 | D:5      | Mangled by an ogre

Levels and vault maps discovered:
D:1:      evilmike_arrival_hilbert_curve, layout_basic
D:2:      minmay_diamond_boxcup, layout_basic,
          grunt_temple_overflow_forces_of_nature, uniq_natasha
D:3:      layout_loops_ring, minmay_pentangle
D:4:      layout_cave_pods, yredelemnul_forgotten_temple_becter,
          chequers_serial_rivers_micro_b, minmay_fractal_squares_diagonal_5,
          uniq_crazy_yiuf_cottage
D:5:      layout_gridville, chequers_temple_overflow_statue_of_worship,
          basic_altar, first_ration

Skill      XL: |  1  2  3  4  5  6  7 |
---------------+----------------------+-----
Dodging        | 3 4 |  4.1
Maces & Flails | 3 4 5 6 |  6.1
Armour         | 1 2 3 4 |  4.0
Fighting       | 3 |  3.6
Stealth        | 1 |  1.5
Throwing       | 2 |  2.0

Action                   |  1- 3 |  4- 6 |  7- 9 || total
-------------------------+-------+-------+-------++-------
Melee: Flail             |    96 |   253 |       ||   349
       Mace              |       |     4 |    69 ||    73
Throw: Throwing net      |       |     3 |       ||     3
  Use: Scroll            |       |    11 |       ||    11
 Stab: Held in net/web   |       |     1 |       ||     1
       Sleeping          |       |       |     3 ||     3
  Eat: Chunk             |       |     6 |     2 ||     8
       Ration            |       |     1 |       ||     1
Armor: Ring mail         |    40 |    25 |       ||    65
       Leather armour    |     1 |       |       ||     1
       Scale mail        |       |    97 |    24 ||   121
Dodge: Dodged            |    77 |   216 |    39 ||   332
